 Dungeon Crawl Stone Soup version 0.18-a0-1284-g43455fe (webtiles) character file.

383426 Herrn the Executioner (level 24, -3/214 HPs)
             Began as a Formicid Fighter on Feb 7, 2016.
             Was the Champion of Okawaru.
             Killed by divine providence
             ... invoked by a sphinx
              (11 damage)
             ... on level 5 of the Vaults on Feb 8, 2016.
             The game lasted 03:04:08 (63461 turns).

Herrn the Executioner (Formicid Fighter)           Turns: 63461, Time: 03:04:08

Health: -3/214     AC: 28    Str: 26    XL:     24   Next: 2%
Magic:  27/27      EV: 12    Int: 21    God:    Okawaru [******]
Gold:   2599       SH: 19    Dex:  7    Spells: 3 memorised, 12 levels left

rFire  + . .     SeeInvis +     V - +3 executioner's axe (elec)
rCold  + + +     Gourm    .     U - +5 chain mail of Reason {Regen+ rCorr Int+3 Stlth+}
rNeg   + + +     Faith    +     x - +5 shield {reflect}
rPois  +         Spirit   .     (helmet unavailable)
rElec  +         Dismiss  .     a - +2 cloak {MR+}
rCorr  +         Reflect  +     n - +2 pair of gloves {Str+3}
SustAt .         Harm     .     G - +0 pair of boots of Lammac {rC+++ Str+2 Dex-4}
MR     ++++.                    J - amulet of faith
Stlth  ..........               Z - ring of Impatience {rElec rN+++ MR+ Str-2 Dex+3}
                                s - ring of poison resistance

@: studying Fire Magic, incredibly resistant to hostile enchantments, extremely
unstealthy
A: permanent stasis, dig shafts and tunnels, four strong arms, antennae 3, slimy
green scales 1, clumsy 1, fire resistance 1, robust 1
a: Dig, Shaft Self, Heroism, Finesse, Renounce Religion
}: 2/15 runes: barnacled, gossamer


You were on level 5 of the Vaults.
You worshipped Okawaru.
Okawaru was exalted by your worship.
You were near starving.

You visited 9 branches of the dungeon, and saw 46 of its levels.
You visited 1 bazaar.
You also visited: Labyrinth, Sewer and Volcano.

You collected 4874 gold pieces.
You spent 2275 gold pieces at shops.

Inventory:

Hand Weapons
 A - a +2 executioner's axe of flaming
 C - the +6 Majin-Bo {vamp, Archmagi MP+6 Int+6}
   (You found it on level 4 of the Shoals)

   It inflicts no extra harm, but heals its wielder somewhat when it strikes a
   living foe.
   It affects your intelligence (+6).
   It affects your magic capacity (+6).
 N - a +2 demon blade of draining
 V - a +3 executioner's axe of electrocution (weapon)
Armour
 a - a +2 cloak of magic resistance (worn)
 n - a +2 pair of gloves of strength (worn)
 x - a +5 shield of reflection (worn)
 G - the +0 pair of boots of Lammac (worn) {rC+++ Str+2 Dex-4}
   (Okawaru gifted it to you on level 2 of the Spider Nest)

   It affects your strength (+2).
   It affects your dexterity (-4).
   It renders you almost immune to cold.
 K - the +2 shield of the Fisher {rElec rC+ rCorr Dex+3}
   (Okawaru gifted it to you on level 4 of the Shoals)

   It affects your dexterity (+3).
   It protects you from cold.
   It insulates you from electricity.
   It protects you from acid and corrosion.
 U - the +5 chain mail of Reason (worn) {Regen+ rCorr Int+3 Stlth+}
   (You found it on level 3 of the Elven Halls)

   It affects your intelligence (+3).
   It increases your rate of regeneration.
   It protects you from acid and corrosion.
   It makes you more stealthy.
 W - the +7 chain mail of Inevitability {rN+ Stlth+}
   (You found it on level 4 of the Shoals)

   It protects you from negative energy.
   It makes you more stealthy.
Jewellery
 c - an uncursed ring of wizardry
 o - an uncursed ring of sustain attributes
 s - a ring of poison resistance (left hand)
 w - an uncursed ring of positive energy
 y - an uncursed ring of magical power {unknown}
 z - an uncursed amulet of regeneration
 B - an uncursed ring of protection from fire
 J - an amulet of faith (around neck)
 T - a cursed -5 ring of evasion
 Z - the ring of Impatience (right hand) {rElec rN+++ MR+ Str-2 Dex+3}
   (You found it on level 10 of the Dungeon)

   [ring of dexterity]

   It affects your strength (-2).
   It affects your dexterity (+3).
   It insulates you from electricity.
   It renders you almost immune to negative energy.
   It affects your resistance to hostile enchantments.
Wands
 L - a wand of teleportation (5/9)
Scrolls
 d - 7 scrolls of immolation
 e - 6 scrolls of fear
 g - a scroll of identify
 k - 9 scrolls of amnesia
 m - 10 scrolls of recharging
 q - 15 scrolls of remove curse
 r - a scroll of torment
 t - 2 scrolls of magic mapping
 P - 4 scrolls of summoning
 R - 10 scrolls of vulnerability
Potions
 l - a potion of cure mutation
 H - 5 potions of flight
 X - 4 potions of magic
 Y - 3 potions of cancellation
Books
 i - a manual of Fire Magic
 u - the Collected Works on the Enthralling Escort
   (You found it on level 3 of the Elven Halls)

   Spells                             Type                      Level
   a - Summon Small Mammal            Summoning                    1
   b - Inner Flame                    Hexes/Fire                   3
   c - Cause Fear                     Hexes                        4
   d - Aura of Abjuration             Summoning                    5
   e - Summon Forest                  Summoning/Translocation      5
 E - a book of Power

   Spells                             Type                      Level
   a - Fulminant Prism                Conjuration/Hexes            4
   b - Iskenderun's Mystic Blast      Conjuration                  4
   c - Venom Bolt                     Conjuration/Poison           5
   d - Bolt of Magma                  Conjuration/Fire/Earth       5
   e - Iron Shot                      Conjuration/Earth            6
   f - Orb of Destruction             Conjuration                  7
   g - Spellforged Servitor           Conjuration/Summoning        7
 F - Ciugoeq's Arcane Secrets of Sorcery
   (You found it on level 4 of the Shoals)

   Spells                             Type                      Level
   a - Shatter                        Earth                        9
 M - a book of Dreams

   Spells                             Type                      Level
   a - Ensorcelled Hibernation        Hexes/Ice                    2
   b - Phase Shift                    Translocation                5
   c - Silence                        Hexes/Air                    5
   d - Darkness                       Hexes                        6
   e - Mass Confusion                 Hexes                        6
   f - Shadow Creatures               Summoning                    6
 O - a book of Party Tricks

   Spells                             Type                      Level
   a - Summon Butterflies             Summoning                    1
   b - Apportation                    Translocation                1
   c - Tukima's Dance                 Hexes                        3
   d - Alistair's Intoxication        Transmutation/Poison         5
   e - Invisibility                   Hexes                        6
Comestibles
 b - 12 fruits
 f - 13 bread rations
 I - 14 meat rations
 Q - 19 royal jellies
 S - 7 beef jerkies


   Skills:
 + Level 17.2 Fighting
 + Level 22.9 Axes
   Level 0.4(15.7) Maces & Flails
 + Level 13.6 Armour
 * Level 12.4 Dodging
 - Level 15.0 Shields
 * Level 11.1 Air Magic
 * Level 13.5 Earth Magic
 - Level 6.0 Invocations


You had 12 spell levels left.
You knew the following spells:

 Your Spells              Type           Power        Failure   Level  Hunger
a - Silence               Hex/Air        ###.......   99%         5    ######.
b - Stone Arrow           Conj/Erth      ####..       17%         3    ####...
c - Regeneration          Chrm/Necr      #.........   99%         3    ####...


Dungeon Overview and Level Annotations

Branches:
Dungeon (15/15)            Temple (1/1) D:6            Lair (8/8) D:9
 Shoals (4/4) Lair:4       Spider (4/4) Lair:5        Slime (0/6) Lair:7
    Orc (2/2) D:12            Elf (3/3) Orc:2        Vaults (3/5) D:14
  Crypt (0/3) Vaults:3     Depths (4/5) D:15

Altars:
Ashenzari
Cheibriados
Dithmenos
Elyvilon
Fedhas
Gozag
Kikubaaqudgha
Makhleb
Nemelex Xobeh
Okawaru
Pakellas
Qazlal
Ru
Sif Muna
Trog
Vehumet
Xom
Yredelemnul
Zin
The Shining One
Beogh

Shops:
D:4 %   D:6 [   D:9 (   Orc:2 *([(?   Shoals:3 =   Shoals:4 (   Vaults:1 *
Vaults:3 (   Vaults:5 !

Portals:
Hell: Depths:1
Abyss: Depths:1
Trove: D:11 (give +7 demon blade)


Innate Abilities, Weirdness & Mutations

You are under a permanent stasis effect.
You can dig through walls and to a lower floor.
Your four strong arms can wield two-handed weapons with a shield.
You have a pair of large antennae on your head (SInv).
You are partially covered in slimy green scales (AC +2).
You are clumsy. (Dex -2)
Your flesh is heat resistant.
You are robust (+10% HP).


Message History

The vault guard is almost dead.
You slash the tengu reaver!
There is a sudden explosion of sparks!
The tengu reaver is severely wounded.
You feel a little less mighty now. The vault warden closely misses you.
You block the tengu reaver's attack.
The tengu reaver pecks you but does no damage.
You block the tengu reaver's attack.
The vault guard hits you with a broad axe.
* * * LOW HITPOINT WARNING * * *
Unknown command.
You barely miss the deep elf elementalist.
You slash the vault guard!
You kill the vault guard!
Okawaru accepts your kill.
You slash the tengu reaver!
The tengu reaver is severely wounded.
You block the deep elf elementalist's attack.
The sphinx casts a spell.
Something smites you!
You die...

{ {{
####################
{{
.......))Qpp.Hpp....
{{{
.......e@*Oppppw....{
{ #####.p#####pp#####
{ { {#.. #{{#.)p#{{ {
#.. #{{#...#{{.#
#{.##+##{.##)##{O.#
{...........{†{{.p.#
.............{p....#
##..##'##..##'##.p.#
#.. #..# ..#.p.#


You could see a sphinx, a vault warden, a tengu reaver, 10 vault guards, a deep
elf elementalist, a torpor snail shaped shifter, an ogre mage and a
battlesphere.

Vanquished Creatures
  Saint Roka (Orc:1)
  Nikola (Vaults:1)
  The ghost of Duffy the Warrior, an adept CeGl of Ashenzari (Depths:3)
  Xtahua (Depths:4)
  A lich (Vaults:3)
  Rupert (Lair:8)
  2 deep elf blademasters
  A titan (Vaults:5)
  Gastronok (Lair:3)
  A deep elf master archer (Elf:2)
  A sphinx (Vaults:1)
  A kraken (Shoals:4)
  Ilsuiw (Shoals:3)
  A frost giant (shapeshifter) (Vaults:5)
  3 frost giants
  A tengu reaver (Vaults:1)
  3 deep elf sorcerers
  4 fire giants
  An iron dragon (Vaults:5)
  Donald (Elf:2)
  4 ghost moths (Spider:4)
  8 emperor scorpions
  5 deep elf elementalists
  2 vault wardens
  A juggernaut zombie (Depths:3)
  A ghoul (Vaults:1)
  2 very ugly things (Depths:1)
  6 stone giants
  7 ironheart preservers
  A vampire knight (Vaults:3)
  3 deep elf demonologists
  9 deep elf annihilators
  4 spark wasps
  4 deep elf death magi (Elf:3)
  2 merfolk javelineers
  2 ettins
  19 vault guards
  11 merfolk impalers
  5 yaktaur captains
  An eidolon (Vaults:3)
  2 great orbs of eyes (shapeshifter)
  7 deep elf high priests
  A minotaur (Lab)
  5 fire dragons
  4 entropy weavers
  2 great orbs of eyes
  2 ice dragons (Depths:1)
  3 rakshasas
  12 hydras
  7 death knights
  2 merfolk avatars (Shoals:4)
  6 centaur warriors
  2 alligator snapping turtles
  3 merfolk aquamancers
  9 ogre magi
  4 death yaks (Lair:8)
  2 vampire magi
  A satyr (Shoals:4)
  A titan zombie (Vaults:3)
  3 orc high priests
  21 dancing weapons
  6 tengu warriors
  Urug (Orc:1)
  Nergalle (Lair:3)
  19 deep elf knights
  2 shadow wraiths
  3 unseen horrors
  7 sea snakes
  A giant orange brain (Depths:1)
  A spark wasp zombie (Depths:3)
  An orange crystal statue (Depths:1)
  3 necromancers
  4 wizards
  A flayed ghost (Depths:1)
  17 deep elf archers
  A large abomination (Elf:3)
  7 ironbrand convokers
  3 phantasmal warriors
  24 orb spiders
  12 orc knights
  13 hill giants
  A wolf spider zombie (D:14)
  24 harpies
  17 ugly things
  61 deep elf magi
  A faun (shapeshifter) (D:15)
  4 hornets
  A hornet (shapeshifter) (Vaults:2)
  7 orc sorcerers
  35 wolf spiders
  17 manticores
  8 water nymphs
  4 fauns
  11 griffons
  2 human zombies
  13 cyclopes
  A moth of wrath (Spider:4)
  A fire giant skeleton (Depths:3)
  13 sirens
  4 black mambas
  An elephant (Lair:6)
  A stone giant skeleton (Vaults:2)
  13 vault sentinels
  A toenail golem (Volcano)
  A frost giant skeleton (Depths:3)
  13 spiny frogs
  2 torpor snails
  11 demonic crawlers
  3 gargoyles
  6 kobold demonologists
  7 freezing wraiths
  9 yaktaurs
  11 komodo dragons
  3 fire drakes
  2 human skeletons (Vaults:2)
  6 tengu conjurers
  2 efreet
  39 merfolk
  A yaktaur skeleton (Vaults:3)
  12 trolls
  35 jumping spiders
  3 wind drakes
  13 polar bears
  2 queen bees
  A blink frog (shapeshifter) (D:15)
  A minotaur zombie (Lab)
  Grinder (D:4)
  A minotaur skeleton (Lab)
  18 two-headed ogres
  A raiju (shapeshifter) (Vaults:3)
  29 blink frogs
  8 slime creatures
  2 boulder beetles
  7 snapping turtles
  Sigmund (D:3)
  5 air elementals
  94 redbacks
  3 spriggans (shapeshifter)
  4 shadows
  4 wraiths
  46 yaks
  13 water elementals
  28 tarantellas
  2 vampires (D:13)
  11 wyverns
  A human (shapeshifter) (D:15)
  A golden eye (shapeshifter) (Vaults:3)
  A yaktaur simulacrum (Vaults:3)
  3 fire elementals
  9 basilisks
  13 hippogriffs
  A mottled dragon (Vaults:1)
  A hippogriff (shapeshifter) (Depths:3)
  2 hungry ghosts
  17 vampire mosquitoes
  Menkaure (D:5)
  9 swamp worms (Lair:3)
  An entropy weaver simulacrum (Vaults:2)
  10 wolves
  A soldier ant (D:15)
  12 water moccasins
  5 wargs
  Duvessa (D:5)
  3 hell hounds
  13 porcupines
  6 ice beasts
  59 orc warriors
  4 sky beasts
  A necrophage (D:11)
  2 phantoms
  3 wasps
  26 centaurs
  48 ogres
  14 boggarts
  11 crocodiles
  A big kobold (shapeshifter) (Vaults:2)
  A gnoll sergeant (D:9)
  7 big kobolds
  A deep troll simulacrum (Vaults:2)
  33 giant frogs
  Dowan (D:5)
  2 earth elementals (Elf:2)
  2 wyvern skeletons
  9 scorpions
  26 killer bees
  8 wights
  10 electric eels
  12 crimson imps
  A human simulacrum (Vaults:2)
  9 hounds
  2 giant frog zombies
  5 centaur zombies
  2 quasits
  31 orc priests
  A gnoll shaman (D:4)
  9 jellies
  37 orc wizards
  10 centaur skeletons
  3 giant frog skeletons
  Terence (D:3)
  Jessica (D:3)
  Ijyb (D:3)
  7 iguanas
  9 worker ants
  A sheep (shapeshifter) (Vaults:2)
  A killer bee zombie (D:9)
  2 sheep (Shoals:4)
  A hound skeleton (D:10)
  A worker ant zombie (D:8)
  13 gnolls
  79 river rats
  11 adders
  10 shadow imps
  5 white imps
  2 giant eyeballs (D:10)
  An ufetubus (D:12)
  6 oozes
  2 adder skeletons
  14 worms
  12 giant geckos
  178 orcs
  13 giant cockroaches
  2 hobgoblins
  14 jackals
  6 quokkas
  5 ball pythons
  14 bats
  10 giant newts
  3 goblins
  A jackal skeleton (D:9)
  23 kobolds
  2 quokka skeletons
  34 rats
  11 fungi
  14 plants
  2 tentacles (Shoals:4)
2067 creatures vanquished.

Vanquished Creatures (others)
  Norris (Elf:2)
  A deep elf master archer (Elf:3)
  An ironheart preserver (Vaults:4)
  A stone giant (Vaults:2)
  A merfolk javelineer (Shoals:2)
  A yaktaur captain (Depths:3)
  An ogre mage (Vaults:4)
  A deep elf knight (Elf:2)
  A deep elf archer (Elf:1)
  An orc knight (Vaults:1)
  A deep elf mage (Elf:1)
  A vault sentinel (Vaults:1)
  A yaktaur (Vaults:3)
  A redback (Spider:4)
  A wraith (Vaults:1)
  A boggart (Vaults:3)
  4 centaurs
  2 giant frogs (Lair:8)
  A white imp (Depths:2)
  3 bushes
  7 fungi
  23 plants
  11 tentacles (Shoals:4)
  98 tentacle segments (Shoals:4)
165 creatures vanquished.

Grand Total: 2232 creatures vanquished

Notes
Turn   | Place    | Note
--------------------------------------------------------------
     0 | D:1      | Herrn the Formicid Fighter began the quest for the Orb.
     0 | D:1      | Reached XP level 1. HP: 18/18 MP: 1/1
    88 | D:1      | Reached XP level 2. HP: 24/24 MP: 2/2
   391 | D:1      | Reached skill level 4 in Shields
   391 | D:1      | Reached XP level 3. HP: 28/30 MP: 3/3
   673 | D:2      | Noticed a moth of wrath
   676 | D:2      | Found a bloodstained altar of Trog.
   945 | D:2      | Found a sacrificial altar of Ru.
  1017 | D:2      | Reached XP level 4. HP: 34/37 MP: 4/4
  1355 | D:3      | Noticed Jessica
  1361 | D:3      | Killed Jessica
  1550 | D:3      | Reached skill level 1 in Dodging
  1550 | D:3      | Reached XP level 5. HP: 19/42 MP: 5/5
  1768 | D:3      | Noticed Terence
  1781 | D:3      | Killed Terence
  1781 | D:3      | Reached skill level 5 in Shields
  1848 | D:3      | Noticed Sigmund
  1858 | D:3      | Killed Sigmund
  1858 | D:3      | Reached XP level 6. HP: 38/48 MP: 6/6
  1903 | D:3      | Noticed Ijyb
  1911 | D:3      | Killed Ijyb
  1911 | D:3      | Reached XP level 7. HP: 51/54 MP: 7/7
  2169 | D:3      | Found a blossoming altar of Fedhas.
  2169 | D:3      | Found a stormy altar of Qazlal.
  3039 | D:4      | Found a snail-covered altar of Cheibriados.
  3116 | D:4      | Reached skill level 5 in Axes
  3116 | D:4      | Reached skill level 6 in Shields
  3233 | D:4      | Noticed Grinder
  3268 | D:4      | Killed Grinder
  3268 | D:4      | Reached XP level 8. HP: 26/61 MP: 8/8
  3833 | D:4      | Found Lomul's Food Boutique.
  3868 | D:5      | Entered Level 5 of the Dungeon
  3868 | D:5      | Noticed Duvessa
  3868 | D:5      | Noticed Dowan
  3875 | D:5      | Gained mutation: You evolve. [potion of beneficial mutation]
  3898 | D:5      | Killed Duvessa
  3898 | D:5      | Reached skill level 5 in Armour
  3931 | D:5      | Killed Dowan
  3946 | D:5      | Got a dazzling leather armour
  3957 | D:5      | Identified the +1 leather armour of Gopos {Int+3} (You found it on level 5 of the Dungeon)
  4014 | D:5      | Lost mutation: You evolve. [evolution]
  4020 | D:5      | Noticed Menkaure
  4043 | D:5      | Reached skill level 5 in Fighting
  4049 | D:5      | Killed Menkaure
  4077 | D:5      | Found a glowing drain.
  4081 | Sewer    | Entered a sewer
  4212 | Sewer    | Reached XP level 9. HP: 50/68 MP: 9/9
  4972 | Sewer    | Reached skill level 7 in Shields
  5238 | D:5      | Found a sparkling altar of Nemelex Xobeh.
  5392 | D:5      | Found a glowing golden altar of the Shining One.
  5394 | D:5      | Noticed an angel
  5410 | D:5      | Found a basalt altar of Yredelemnul.
  5412 | D:5      | Noticed a profane servitor
  5947 | D:6      | Found a staircase to the Ecumenical Temple.
  5956 | Temple   | Entered the Ecumenical Temple
  6211 | D:6      | Found Plog's Antique Armour Emporium.
  6707 | D:6      | Gained mutation: You are robust (+10% HP). [potion of mutation]
  6707 | D:6      | Gained mutation: You are partially covered in slimy green scales (AC +2). [potion of mutation]
  6707 | D:6      | Gained mutation: You are clumsy. (Dex -2) [potion of mutation]
  6708 | D:6      | Gained mutation: You are dopey. (Int -2) [potion of mutation]
  6744 | D:6      | Lost mutation: You are dopey. (Int -2) [mutagenic meat]
  6746 | D:6      | Gained mutation: Your flesh is heat resistant. [mutagenic meat]
  7108 | D:7      | Reached skill level 8 in Axes
  7520 | D:7      | Noticed an angel
  7522 | D:7      | Found a glowing silver altar of Zin.
  7523 | D:7      | Found a shimmering altar of Xom.
  7537 | D:7      | Reached XP level 10. HP: 71/83 MP: 10/10
  8136 | D:7      | HP: 3/83 [orc warrior/battleaxe (21)]
  8142 | D:7      | HP: 3/84 [orc wizard/dagger (2)]
  8684 | D:8      | Reached skill level 9 in Axes
  8812 | D:8      | Found a white marble altar of Elyvilon.
  8818 | D:8      | Found an iron altar of Okawaru.
  8819 | D:8      | Found a burning altar of Makhleb.
  8834 | D:8      | Became a worshipper of Warmaster Okawaru
  9263 | D:8      | Reached skill level 1 in Invocations
  9558 | D:8      | Reached * piety under Okawaru
  9898 | D:8      | Found a shadowy altar of Dithmenos.
 10212 | D:9      | Reached skill level 10 in Axes
 10215 | D:9      | Reached XP level 11. HP: 84/92 MP: 13/13
 10303 | D:9      | Found Ynishy's Weapon Emporium.
 10590 | D:9      | Found a deep blue altar of Sif Muna.
 10643 | D:9      | Reached ** piety under Okawaru
 10746 | D:9      | Found a staircase to the Lair.
 11193 | D:10     | Entered Level 10 of the Dungeon
 11790 | D:10     | Noticed a six-headed hydra
 11907 | D:10     | Noticed a hill giant
 11918 | D:10     | Killed a hill giant
 12293 | D:10     | Reached skill level 5 in Dodging
 12293 | D:10     | Reached skill level 5 in Invocations
 12613 | D:10     | Reached *** piety under Okawaru
 12735 | D:10     | Killed a six-headed hydra
 13150 | D:10     | Got a scintillating marble ring
 13152 | D:10     | Identified the ring of Impatience {rElec rN+++ MR+ Str-2 Dex+3} (You found it on level 10 of the Dungeon)
 13281 | D:10     | Reached skill level 11 in Axes
 13434 | D:10     | Noticed a hill giant
 13504 | D:10     | Killed a hill giant
 13659 | D:11     | Noticed a hill giant
 13669 | D:11     | Killed a hill giant
 13669 | D:11     | Reached **** piety under Okawaru
 13669 | D:11     | Reached XP level 12. HP: 79/101 MP: 13/16
 13925 | D:11     | Reached skill level 10 in Shields
 14584 | D:11     | Noticed an unseen horror
 14592 | D:11     | Killed an unseen horror
 14592 | D:11     | Received a gift from Okawaru
 15006 | D:11     | Reached skill level 12 in Axes
 15137 | D:11     | Found a portal to a secret trove of treasure.
 15302 | D:12     | Reached ***** piety under Okawaru
 15326 | D:12     | Noticed an unseen horror
 15353 | D:12     | Killed an unseen horror
 15620 | D:12     | Received a gift from Okawaru
 16564 | D:12     | Found a staircase to the Orcish Mines.
 16642 | D:12     | Reached XP level 13. HP: 101/110 MP: 17/17
 16678 | D:12     | Reached skill level 13 in Axes
 17138 | D:12     | Received a gift from Okawaru
 17569 | D:11     | Noticed a yaktaur captain
 17569 | D:11     | Noticed a fire giant
 17587 | D:11     | Killed a fire giant
 17588 | D:11     | Killed a yaktaur captain
 18123 | Orc:1    | Entered Level 1 of the Orcish Mines
 18142 | Orc:2    | Entered Level 2 of the Orcish Mines
 19171 | Orc:1    | Reached skill level 14 in Axes
 19231 | Orc:1    | Found a roughly hewn altar of Beogh.
 19246 | Orc:1    | Noticed Urug
 19275 | Orc:1    | Killed Urug
 19989 | Orc:2    | Found a roughly hewn altar of Beogh.
 20279 | Orc:2    | Found a roughly hewn altar of Beogh.
 20744 | Orc:2    | Found a roughly hewn altar of Beogh.
 20884 | Orc:2    | Found a staircase to the Elven Halls.
 20903 | Orc:2    | Found Yzugops's Antique Weapon Boutique.
 20954 | Orc:2    | Found a roughly hewn altar of Beogh.
 21529 | Orc:2    | Found a roughly hewn altar of Beogh.
 21533 | Orc:2    | Received a gift from Okawaru
 21820 | Orc:2    | Found a roughly hewn altar of Beogh.
 21821 | Orc:2    | Found Ceeh's Assorted Antiques.
 22135 | Orc:1    | Reached XP level 14. HP: 96/119 MP: 6/18
 22561 | Orc:2    | Found a roughly hewn altar of Beogh.
 22563 | Orc:2    | Found Suiheos's Magic Scroll Boutique.
 22838 | Orc:2    | Noticed Saint Roka
 22947 | Orc:2    | Reached skill level 10 in Fighting
 23272 | Orc:1    | You fall through a shaft!
 23732 | Orc:2    | Found Zewa's Antique Armour Boutique.
 23733 | Orc:2    | Found a roughly hewn altar of Beogh.
 23734 | Orc:2    | Found Naihao's Antique Weapon Shop.
 23741 | Orc:2    | Bought a runed executioner's axe for 380 gold pieces
 23747 | Orc:2    | Bought a bloodstained ring mail for 243 gold pieces
 23747 | Orc:2    | Bought an ancient plate armour for 756 gold pieces
 23757 | Orc:2    | Identified the +6 ring mail of Impatience {Str+2} (You bought it in a shop on level 2 of the Orcish Mines)
 23767 | Orc:2    | Identified the +10 plate armour of the Vestibule of Hell {rN+} (You bought it in a shop on level 2 of the Orcish Mines)
 23972 | Orc:1    | Killed Saint Roka
 23972 | Orc:1    | Reached skill level 15 in Axes
 24365 | D:13     | Reached skill level 10 in Armour
 24646 | D:13     | Learned a level 5 spell: Silence
 25120 | D:13     | Reached skill level 1 in Air Magic
 25542 | D:14     | Received a gift from Okawaru
 25609 | D:14     | Reached skill level 16 in Axes
 25659 | D:14     | Reached XP level 15. HP: 105/128 MP: 19/19
 25730 | D:14     | Found a flickering gateway to a bazaar.
 25733 | Bazaar   | Entered a bazaar
 25760 | Bazaar   | Found Ruuf Hau's Jewellery Shoppe.
 25760 | Bazaar   | Found Beoxuruc's Gadget Emporium.
 25781 | Bazaar   | Found Vepopsem's Weapon Shoppe.
 25781 | Bazaar   | Found Dozathryi's Book Emporium.
 25862 | D:14     | Received a gift from Okawaru
 25873 | D:14     | Got an encrusted battleaxe {god gift}
 25876 | D:14     | Identified the +3 battleaxe "Dragonslayer" {drain, Dex+2} (Okawaru gifted it to you on level 14 of the Dungeon)
 26283 | D:14     | Found a gate to the Vaults.
 26574 | D:15     | Entered Level 15 of the Dungeon
 26620 | D:15     | Found a staircase to the Depths.
 28421 | D:15     | Reached ****** piety under Okawaru
 28488 | D:15     | Received a gift from Okawaru
 28568 | D:15     | Reached skill level 17 in Axes
 29745 | Lair:1   | Entered Level 1 of the Lair of Beasts
 31093 | Lair:3   | Noticed Gastronok
 31110 | Lair:3   | Killed Gastronok
 31144 | Lair:3   | Reached XP level 16. HP: 97/138 MP: 20/20
 31774 | Lair:3   | Noticed Nergalle
 31801 | Lair:3   | Killed Nergalle
 32627 | Lair:3   | Noticed Sonja
 32628 | Lair:3   | Noticed Sonja
 32628 | Lair:3   | Sonja changed into Sonja the queen bee
 32636 | Lair:3   | Killed Sonja the queen bee
 33022 | Lair:4   | Found a staircase to the Shoals.
 33248 | Lair:4   | Received a gift from Okawaru
 34008 | Lair:5   | Found a hole to the Spider Nest.
 34592 | Lair:6   | Reached skill level 18 in Axes
 34873 | Lair:6   | Learned a level 3 spell: Stone Arrow
 35167 | Lair:7   | Reached skill level 1 in Earth Magic
 35192 | Lair:7   | Received a gift from Okawaru
 35244 | Lair:7   | Found a labyrinth entrance.
 35253 | Lab      | Entered a labyrinth
 35448 | Lair:7   | Found a staircase to the Slime Pits.
 36098 | Lair:7   | Reached skill level 5 in Air Magic
 36416 | Lair:8   | Entered Level 8 of the Lair of Beasts
 36488 | Lair:8   | Found a dark tunnel.
 36498 | Volcano  | Entered a volcano
 36806 | Lair:8   | Reached XP level 17. HP: 113/146 MP: 21/21
 37244 | Lair:8   | Received a gift from Okawaru
 37389 | Lair:8   | Noticed Rupert
 37413 | Lair:8   | Killed Rupert
 38334 | Elf:1    | Entered Level 1 of the Elven Halls
 38415 | Elf:1    | Reached skill level 5 in Earth Magic
 38612 | Elf:1    | Identified a scroll of acquirement
 38625 | Elf:1    | Identified a +0 pair of boots of running (You acquired it on level 1 of the Elven Halls)
 39375 | Elf:1    | Received a gift from Okawaru
 39466 | Elf:2    | Reached skill level 19 in Axes
 40473 | Elf:2    | Found a runed gate.
 40474 | Elf:2    | Found a runed gate.
 40481 | Elf:2    | Found a runed gate.
 40687 | Elf:2    | Reached XP level 18. HP: 121/156 MP: 22/22
 41821 | Elf:2    | Received a gift from Okawaru
 41841 | Elf:2    | Noticed Norris
 41859 | Elf:2    | Killed Norris
 42534 | Elf:3    | Entered Level 3 of the Elven Halls
 42601 | Elf:3    | Noticed a deep elf blademaster
 42620 | Elf:3    | Killed a deep elf blademaster
 42750 | Elf:3    | Reached skill level 15 in Shields
 42751 | Elf:3    | Noticed a deep elf master archer
 42751 | Elf:3    | Noticed a deep elf blademaster
 42781 | Elf:2    | Killed a deep elf blademaster
 42781 | Elf:2    | Received a gift from Okawaru
 43204 | Elf:3    | Noticed an Ice Fiend
 43217 | Elf:2    | Killed a deep elf master archer
 43344 | Elf:3    | Noticed Donald
 43352 | Elf:3    | Noticed an Executioner
 43358 | Elf:2    | Killed Donald
 43358 | Elf:2    | Reached XP level 19. HP: 87/163 MP: 21/23
 43725 | Elf:2    | Reached skill level 20 in Axes
 43806 | Elf:2    | Received a gift from Okawaru
 44181 | Elf:3    | Got a warped hand axe
 44185 | Elf:3    | Identified the +8 hand axe "Bukke" {flame, rF+ Int+4} (You found it on level 3 of the Elven Halls)
 44596 | Elf:3    | Noticed a Brimstone Fiend
 45052 | Elf:2    | Got a bloodstained scale mail {god gift}
 45055 | Elf:2    | Identified the +0 scale mail "Meura" {-Tele MP+9 Int+6} (Okawaru gifted it to you on level 2 of the Elven Halls)
 45413 | Elf:3    | Learned a level 3 spell: Regeneration
 45432 | Elf:3    | Identified the Collected Works on the Enthralling Escort
 45436 | Elf:3    | Identified Qivarphu's Tome of Dusty Curses
 45447 | Elf:3    | Got a crude chain mail
 45464 | Elf:3    | Identified the +5 chain mail of Reason {Regen+ rCorr Int+3 Stlth+} (You found it on level 3 of the Elven Halls)
 45468 | Elf:3    | Got a jewelled chain mail
 45494 | Elf:3    | Identified the Disquisition on the Volcanoes (You found it on level 3 of the Elven Halls)
 45496 | Elf:3    | Identified the Volume of Dark Magic (You found it on level 3 of the Elven Halls)
 45544 | Elf:3    | Got an ancient leather armour
 45830 | Orc:2    | Bought a scroll of acquirement for 832 gold pieces
 45830 | Orc:2    | Bought a scroll of identify for 32 gold pieces
 45830 | Orc:2    | Bought a scroll of identify for 32 gold pieces
 45837 | Orc:2    | Identified the +1 chain mail of the Heavens {rCorr MP-9 Int+7 SInv} (You found it on level 3 of the Elven Halls)
 45838 | Orc:2    | Identified the +0 leather armour of Evolution {Regen+ Str+6 Int-5 Dex+2} (You found it on level 3 of the Elven Halls)
 45840 | Orc:2    | Got a pair of fine boots
 45851 | Orc:2    | Identified the -5 pair of boots "Ecy Suri" {*Corrode rElec rPois rC++} (You acquired it on level 2 of the Orcish Mines)
 46024 | Depths:1 | Entered Level 1 of the Depths
 46046 | Depths:1 | Found a gateway to Hell.
 46581 | Depths:1 | Found a one-way gate to the infinite horrors of the Abyss.
 46673 | Depths:1 | Received a gift from Okawaru
 47145 | Depths:1 | Reached XP level 20. HP: 127/174 MP: 24/24
 47425 | Depths:2 | You fall through a shaft for 2 floors!
 47720 | Depths:4 | Noticed Xtahua
 47722 | Depths:4 | Got a slimy morningstar {freeze}
 47761 | Depths:4 | Killed Xtahua
 48010 | Depths:3 | Noticed Duffy's ghost (adept CeGl)
 48070 | Depths:3 | Killed Duffy's ghost
 48070 | Depths:3 | Received a gift from Okawaru
 48970 | Spider:1 | Entered Level 1 of the Spider Nest
 49138 | Spider:1 | Reached skill level 10 in Dodging
 49199 | Spider:1 | Reached skill level 21 in Axes
 49442 | Spider:1 | Reached skill level 10 in Earth Magic
 50377 | Spider:2 | Received a gift from Okawaru
 50378 | Spider:2 | Got a pair of shimmering boots {god gift}
 50389 | Spider:2 | Identified the +0 pair of boots of Lammac {rC+++ Str+2 Dex-4} (Okawaru gifted it to you on level 2 of the Spider Nest)
 50757 | Spider:2 | Reached XP level 21. HP: 82/183 MP: 25/25
 51590 | Spider:3 | Reached skill level 15 in Fighting
 52607 | Spider:4 | Entered Level 4 of the Spider Nest
 52974 | Spider:4 | Received a gift from Okawaru
 53049 | Spider:4 | Identified the +6 morningstar of Zin {freeze, MR+++ Str+3 Int-2} (You took it off a tengu conjurer on level 4 of the Depths)
 54094 | Spider:4 | Got a gossamer rune of Zot
 54370 | Shoals:1 | Entered Level 1 of the Shoals
 54719 | Shoals:1 | Received a gift from Okawaru
 55230 | Shoals:2 | Reached XP level 22. HP: 174/194 MP: 26/26
 55894 | Shoals:3 | Found Pilu's Jewellery Boutique.
 56119 | Shoals:3 | Noticed Ilsuiw
 56270 | Shoals:3 | Killed Ilsuiw
 56935 | Shoals:4 | Entered Level 4 of the Shoals
 56967 | Shoals:4 | Reached skill level 10 in Air Magic
 57101 | Shoals:4 | Got a bloodstained chain mail
 57102 | Shoals:4 | Identified the +7 chain mail of Inevitability {rN+ Stlth+} (You found it on level 4 of the Shoals)
 58480 | Shoals:4 | Found Wequ's Antique Weapon Shoppe.
 58577 | Shoals:4 | Received a gift from Okawaru
 58584 | Shoals:4 | Got a barnacled rune of Zot
 58624 | Shoals:4 | Got a heavily runed shield {god gift}
 58625 | Shoals:4 | Identified the +2 shield of the Fisher {rElec rC+ rCorr Dex+3} (Okawaru gifted it to you on level 4 of the Shoals)
 58926 | Shoals:4 | Reached skill level 22 in Axes
 59471 | Shoals:4 | Identified Ciugoeq's Arcane Secrets of Sorcery
 59744 | D:10     | Upgraded the game from 0.18-a0-1267-gff090c1 to 0.18-a0-1284-g43455fe
 59866 | Vaults:1 | Entered Level 1 of the Vaults
 60283 | Vaults:1 | Noticed Nikola
 60298 | Vaults:1 | Killed Nikola
 60547 | Vaults:1 | Reached XP level 23. HP: 127/203 MP: 27/27
 60936 | Vaults:1 | Found Enousk's Assorted Antiques.
 61316 | Vaults:2 | Received a gift from Okawaru
 62078 | Vaults:2 | Received a gift from Okawaru
 62406 | Vaults:3 | Found Qugaq's Weapon Shop.
 62917 | Vaults:3 | Found a staircase to the Crypt.
 63195 | Vaults:3 | You fall through a shaft!
 63386 | Vaults:4 | You fall through a shaft!
 63386 | Vaults:5 | Entered Level 5 of the Vaults
 63425 | Vaults:5 | Found Ulaw's Distillery.
 63457 | Vaults:5 | Received a gift from Okawaru
 63459 | Vaults:5 | Reached XP level 24. HP: 12/214 MP: 27/27
 63460 | Vaults:5 | HP: 7/214 [vault guard/broad axe (6)]
 63461 | Vaults:5 | Killed from afar by a sphinx

Vault maps used:
D:1:      ncdulo_watergridlock
D:2:      tgw_trog, nicolae_ru_path_of_blood
D:3:      grunt_temple_overflow_forces_of_nature, uniq_sigmund, uniq_iyjb,
          uniq_terence, uniq_jessica
D:4:      nicolae_overflow_hidden_temple, serial_shops, kennysheep_little_box,
          uniq_grinder
D:5:      grunt_temple_overflow_holy_war, serial_bayou, serial_bayou_lake_a,
          serial_bayou_pond_e, serial_bayou_shore_b, serial_bayou_pond_e,
          first_bread, gup_sewer_entry_bowl, nemelex_diamond_rough_becter,
          uniq_duvessa, uniq_menkaure
D:6:      temple_statues, serial_shops, shop, grunt_decor_mini_mirrors,
          minmay_joined_circles
D:7:      grunt_temple_overflow_order_and_chaos_1
D:8:      grunt_dithmenos_shadows, minitemple, hangedman_little_slice_of_home
D:9:      nicolae_overflow_crystal_walls, grunt_lair_entry_orc_guard_hut,
          serial_shops, nicolae_shop_statue_plus
D:10:     onia_ninara_cookie
D:11:     minmay_diamond_stairs, enter_trove_3
D:12:     hiddenorc2_lemuel, serial_ice, serial_ice_i, serial_ice_d,
          serial_ice_n, serial_ice_f, serial_ice_a, roderic_lattice_a
D:13:     lightli_fourway_metalbox
D:14:     erik_vaults_2, hangedman_decor_peaks_small, serial_shops,
          bzr_entry_road, hangedman_decor_push, serial_bayou_pond_c
D:15:     grunt_enter_depths_snipers, serial_park_square2, grunt_ministairs_7
Temple:   hc_temple_tempest_star_small
Lair:1:   infiniplex_staircase_pool
Lair:2:   minivault_27, minivault_27, lemuel_fruit_fields, lemuel_fruit_tree
Lair:3:   minivault_23, worms_lemuel, uniq_sonja, uniq_gastronok, uniq_nergalle
Lair:4:   minmay_shoals_entry_centaurs, serial_bayou_shore_b
Lair:5:   nicolae_spider_entry_non_spiders, serial_bayou_lagoon_b,
          grunt_megastairs_3
Lair:6:   beast_lair_carwin_7
Lair:7:   slime_dummy, lab_entry_generic
Lair:8:   minmay_lair_end_frog_pond, nicolae_volcano_entry_hallway,
          special_room, uniq_rupert
Shoals:2: abandoned_shop
Shoals:3: serial_shops, nicolae_shop_temple_entry_statues_fountains, uniq_ilsuiw
Shoals:4: shoals_end_hangedman, shoals_ilsuiw_ice, serial_shops,
          nicolae_shop_crystal
Spider:2: special_room, spider_trap
Spider:4: grunt_spider_rune_circles
Orc:1:    nicolae_orc_accident_3, basic_altar, uniq_urug
Orc:2:    grunt_orc_community_town_hall, grunt_orc_community_big_house_1,
          grunt_orc_community_big_house_1, grunt_orc_community_house_1,
          grunt_orc_community_house_2, grunt_orc_community_house_1,
          grunt_orc_community_house_2, grunt_orc_community_house_1,
          grunt_orc_community_house_2, basic_altar, serial_shops, shop
Elf:1:    eino_elf_arrival_the_gate, kennysheep_underground_church
Elf:2:    basic_stair_grate_trap, uniq_norris
Elf:3:    elf_hall, basic_stair_grate_trap, uniq_donald
Vaults:1: vaults_room_boxed, nicolae_vaults_big_ls, vaults_mumra_hexcomb,
          kb_rosetta, v_misc_17, hangedman_vaults_trim, v_pattern_4,
          nicolae_vaults_little_squares_6, serial_shops, shop, uniq_nikola
Vaults:2: hangedman_vaults_snaps, vaults_room_semicircle,
          hangedman_vaults_pinch, v_misc_9, v_misc_8, grunt_vaults_twisty,
          vaults_mumra_minichess, ontoclasm_vaults_chip,
          nicolae_vaults_display_case, vaults_room_semicircle, vaults_dpeg_hooks
Vaults:3: v_alt_pattern_3, hangedman_vaults_stream, vaults_dpeg_diagonal,
          vaults_room_ringed_pool, minmay_crypt_entry_simple_box,
          st_greater_box_5, nicolae_vaults_sealed_display, v_misc_28,
          nicolae_vaults_angled_halls, nicolae_vaults_ring_of_whatevers,
          hangedman_vaults_locks, hangedman_vaults_slice,
          vaults_room_stairs_pillars, hangedman_vaults_trim, serial_shops,
          shop_statue
Vaults:4: grunt_vaults_trifunnel, vaults_room_pools, vaults_room_pools,
          hangedman_vaults_maws, vaults_room_pool, v_misc_2, v_misc_17,
          hangedman_vaults_cutoff, v_alt_pattern_1, ontoclasm_vaults_fault,
          vaults_room_stairs_pillars, vaults_room_octagon,
          nicolae_vaults_twisting_passages, hangedman_vaults_stretched_pinwheel,
          vaults_dpeg_encased_lava, vaults_room_fancy_cross, grunt_vaults_swirl,
          uniq_mennas
Depths:1: hangedman_coc_ice_floe, abyss_entry, hangedman_decor_points,
          st_stairs_14, minmay_misc_feat_nine_boxes, minivault_16,
          kennysheep_generic_room_13
Depths:2: evilmike_iron_armoury, grunt_pan_entry_spiral, minmay_misc_feat_rows,
          hell_entry, grunt_megastairs_2, uniq_mara, uniq_jorgrun
Depths:3: hangedman_box_tower, enter_ziggurat_e, grunt_pan_entry_in_and_out,
          pf_hell_entry_great_geh, kennysheep_crisscross,
          hangedman_cracks_in_the_wall, serial_bayou_shore_b
Depths:4: evilmike_library_of_no_secrets, lightli_too_deep, pan_entry,
          abyss_entry_small_statue_room, serial_sigils_hangedman_gnaw,
          uniq_sojobo, uniq_xtahua
Lab:      labyrinth_hidden_loot, lab_block, nicolae_lab_dead_end,
          nicolae_lab_arrow, lab_fountain, nicolae_lab_grate_2
Bazaar:   bazaar_short_row
Sewer:    sewer_co_cracked_pipes
Volcano:  volcano_pools

Action                   |  1- 3 |  4- 6 |  7- 9 | 10-12 | 13-15 | 16-18 | 19-21 | 22-24 || total
-------------------------+-------+-------+-------+-------+-------+-------+-------+-------++-------
Melee: War axe           |   111 |    69 |   650 |       |       |       |       |       ||   830
       Battleaxe         |       |       |    14 |   981 |   817 |   237 |       |       ||  2049
       Flail             |       |       |       |    90 |       |       |       |       ||    90
       Executioner's axe |       |       |       |       |  1060 |  1373 |  1614 |  1395 ||  5442
       Dire flail        |       |       |       |       |       |   244 |       |       ||   244
Invok: Heroism           |       |       |       |    12 |    29 |    32 |    27 |    24 ||   124
       Finesse           |       |       |       |       |     1 |       |     1 |     1 ||     3
 Abil: Dig               |       |     1 |    21 |     3 |    19 |    24 |    10 |     6 ||    84
       Shaft Self        |       |       |       |       |     1 |       |     1 |     2 ||     4
Evoke: Wand              |       |       |       |       |       |     8 |       |       ||     8
  Use: Potion            |       |     2 |     7 |    12 |     5 |     7 |     8 |    19 ||    60
       Scroll            |       |       |    10 |     9 |     9 |    11 |    14 |     8 ||    61
 Stab: Invisible         |       |       |       |       |       |     3 |       |       ||     3
       Distracted        |       |       |       |       |       |       |     1 |       ||     1
       Petrified         |       |       |       |       |       |       |       |     1 ||     1
  Eat: Chunk             |       |     1 |    27 |    33 |    50 |    39 |    35 |    26 ||   211
       Beef jerky        |       |     1 |       |       |     1 |       |     4 |       ||     6
       Pizza             |       |       |     1 |     2 |     1 |     2 |       |     2 ||     8
       Bread ration      |       |       |     1 |       |       |       |       |       ||     1
       Fruit             |       |       |       |     3 |       |     3 |     2 |     3 ||    11
       Meat ration       |       |       |       |     1 |       |       |       |       ||     1
       Royal jelly       |       |       |       |       |     1 |     1 |       |       ||     2
